 Dungeon Crawl Stone Soup version 0.27-a0-1497-gf8f22f7954 (webtiles) character file.

Game seed: 4224414909225780621

110 Lekart the Slasher (level 4, -1/60 HPs)
             Began as a Draconian Chaos Knight on July 7, 2021.
             Was a Plaything of Xom.
             Succumbed to an orange demon's poison
             ... on level 2 of the Dungeon.
             The game lasted 00:02:59 (2259 turns).

Lekart the Slasher (Draconian Chaos Knight)         Turns: 2259, Time: 00:02:59

Health: -1/60      AC: 22    Str: 15    XL:     4   Next: 61%
Magic:  6/6        EV:  2    Int: 13    God:    Xom [....*.]
Gold:   53         SH:  0    Dex: 10    Spells: 5/5 levels left

rFire    . . .     SeeInvis .   a - +0 falchion (chaos)
rCold    . . .     Faith    .   (no shield)
rNeg     + + +     Spirit   .   (armour unavailable)
rPois    +         Reflect  .   (helmet currently unavailable)
rElec    .         Harm     .   (cloak currently unavailable)
rCorr    .         Rampage  .   (gloves currently unavailable)
Will     .....     NoTele   +   (boots currently unavailable)
Stlth    +.........             (no amulet)
HPRegen  0.20/turn              (no ring)
MPRegen  0.10/turn              (no ring)

@: lethally poisoned (-1 -> -19), tree-form, weakened, on berserk cooldown,
attractive, slowed, very slow
A: stationary, stasis, torment immunity, boosted hp, AC +5, unfitting armour,
(cold-blooded)
a: Renounce Religion


You were on level 2 of the Dungeon.
You worshipped Xom.
You were a beloved toy of Xom.
You were a tree.
You visited 1 branch of the dungeon, and saw 2 of its levels.

You collected 53 gold pieces.

Inventory:

Hand Weapons
 a - a +0 falchion of chaos (weapon)
Potions
 e - a potion of lignification


   Skills:
 + Level 4.1 Fighting
 + Level 4.1 Long Blades
 + Level 2.7 Dodging
 * Level 1.4 Spellcasting


You had 5 spell levels left.
You didn't know any spells.
Your spell library was empty.

Dungeon Overview and Level Annotations

Branches:
Dungeon (2/15)

Altars:
Xom

Shops:
D:1 [:*:(


Innate Abilities, Weirdness & Mutations

You are a tree.
Your roots penetrate the ground, keeping you stationary.
You cannot be teleported.
You are immune to unholy pain and torment.
Your maximum health is greatly increased.
Your equipment is partially melded.
((Your plain brown scales are hard. (AC +5)))
You cannot fit into any form of body armour.
((You are cold-blooded and may be slowed by cold attacks.))


Message History

You see here a ball python corpse.
You hit the hobgoblin. You freeze the hobgoblin.
You kill the hobgoblin!
No target in view!
No target in view!
Calm down first, please.
Calm down first, please.
An endoplasm comes into view.
You feel a strong urge to attack something.
The endoplasm completely misses you.
You riposte.
You slash the endoplasm!
You kill the endoplasm!
You feel your anger nearly subside.
You are no longer berserk.
You are exhausted.
You feel yourself slow down.
You hear Xom's maniacal laughter.
You are now a beloved toy of Xom.
Found a puce potion.
e - 2 puce potions (gained 1)
The orange demon stings you! The orange demon barely misses you.
You aren't carrying any scrolls.
It was a potion of attraction.
You feel attractive to monsters.
Xom thinks this is hilarious!
The orange demon stings you!
You are lethally poisoned!
The orange demon poisons you! The orange demon hits you.
* * * LOW HITPOINT WARNING * * *
You feel your attacks grow feeble.
You aren't carrying any scrolls.
It was a potion of lignification.
You turn into a tree.
Your roots penetrate the ground.
* * * LOW HITPOINT WARNING * * *
You feel extremely sick.
The orange demon stings you but does no damage.
The orange demon hits you but does no damage.
The orange demon stings you.
* * * LOW HITPOINT WARNING * * *
The orange demon hits you but does no damage.
You closely miss the orange demon.
You die...
Xom bursts into laughter!

# ### # . # # #♣## . #. ## ##
(# #[ ##4###.##
.##.##.##.###.##.##.##.# .#
.#†#.#.#S#.# #.#4#.#.#.##.#
..#..#..#..# #..#..#...#.###
...#...#...#...#.†.#...##...#
.#....#....#....#....#)†....#
..#.....#.....#.†...#...#.#.#
....#......#......#.......#.#


You could see an orange demon (summoned).

Vanquished Creatures
  An orc priest (D:1)
  An adder (D:2)
  2 worms (D:2)
  2 orcs (D:2)
  3 bats
  5 endoplasms
  A giant cockroach (D:1)
  5 hobgoblins
  11 jackals
  4 quokkas (D:1)
  4 ball pythons
  3 frilled lizards
  2 kobolds
  2 rats (D:1)
46 creatures vanquished.

Vanquished Creatures (collateral kills)
  Jessica (D:2)
1 creature vanquished.

Vanquished Creatures (others)
  5 toadstools (D:1)
5 creatures vanquished.

Grand Total: 52 creatures vanquished

Notes
Turn   | Place    | Note
-------+----------+-------------------------------------------
     0 | D:1      | Lekart the Draconian Chaos Knight began the quest for the
                  | Orb.
     0 | D:1      | Reached XP level 1. HP: 19/19 MP: 1/1
    31 | D:1      | Found Fasan's Book Shop.
    55 | D:1      | Found Bobaz's Assorted Antiques.
    64 | D:1      | XOM: silly message
    65 | D:1      | Found Yrchaz's Book Emporium.
   104 | D:1      | XOM: divination: detect creatures
   272 | D:1      | XOM: potion effect (curing)
   289 | D:1      | Reached XP level 2. HP: 18/26 MP: 2/2
   333 | D:1      | XOM: divination: magic mapping
   447 | D:1      | Found Nonuc's Weapon Emporium.
   672 | D:1      | Found Erexuulo's Armour Boutique.
  1048 | D:2      | Found a faded altar of an unknown god.
  1060 | D:2      | XOM: cast spell 'Summon Small Mammal'
  1065 | D:2      | Reached XP level 3. HP: 22/33 MP: 4/4
  1208 | D:1      | XOM: cloud trail
  1398 | D:2      | XOM: butterfly on damage
  1403 | D:1      | Reached skill level 1 in Spellcasting
  1742 | D:2      | Reached XP level 4. HP: 39/40 MP: 5/5
  1760 | D:2      | Noticed Jessica
  1766 | D:2      | XOM: enchant monster (good)
  1794 | D:2      | Killed Jessica
  2101 | D:2      | XOM: scenery: create altars
  2145 | D:2      | XOM: silly message
  2246 | D:2      | XOM: potion effect (berserk rage)
  2254 | D:2      | XOM: summons 1 hostile demon
  2255 | D:2      | Noticed an orange demon
  2259 | D:2      | Succumbed to an orange demon's poison

Illustrated notes

Levels and vault maps discovered:
D:1:      ldierk_walled_garden, layout_rooms, serial_shops, shop, shop, shop,
          nicolae_square_shop, shop, patterned_corridor
D:2:      layout_loops_ring, dreamdust_ecumenical_altar_statues,
          minmay_increasing_density, uniq_terence, uniq_jessica

Skill      XL: |  1  2  3  4 |
---------------+-------------+-----
Spellcasting   | 1 |  1.4
Fighting       | 4 |  4.1
Long Blades    | 4 |  4.1
Dodging        | |  2.7

Action                   |  1- 3 |  4- 6 || total
-------------------------+-------+-------++-------
Melee: Falchion          |    83 |    55 ||   138
       Tailslap          |     9 |     9 ||    18
  Use: Scroll            |       |     3 ||     3
       Potion            |       |     2 ||     2
Armor: Skin              |    32 |    20 ||    52
Dodge: Dodged            |    53 |    44 ||    97
       Rpst.: Falchion   |    17 |    15 ||    32

Table legend: (Time is in decaauts)
 A = Elapsed time spent in this place.
 B = Non-inter-level travel time spent in this place.
 C = Inter-level travel time spent in this place.
 D = Time resting spent in this place.
 E = Time spent auto-exploring this place.
 F = Levels seen in this place.
 G = Mean time per level.
                   A        B        C        D        E       F      G
               +--------+--------+--------+--------+--------+-----+--------+
         Total |   2286 |   2247 |     39 |   1019 |    832 |   2 | 1143.0 |
       Dungeon |   2286 |   2247 |     39 |   1019 |    832 |   2 | 1143.0 |
               +--------+--------+--------+--------+--------+-----+--------+

Top non-repeatable levels by time:
     D:1: 1904 daAuts
     D:2: 382 daAuts
